 Dungeon Crawl Stone Soup version 0.29.1-1-gd02db6906a (webtiles) character file.

Game seed: 9603953195403225318

150 funnyparkerb the Slasher (level 5, -2/41 HPs)
             Began as a Merfolk Monk on Sept 16, 2022.
             Slain by Sigmund
             ... wielding a +1 scythe of venom
              (3 damage)
             ... on level 3 of the Dungeon.
             The game lasted 00:03:39 (2058 turns).

funnyparkerb the Slasher (Merfolk Monk)             Turns: 2058, Time: 00:03:39

Health: -2/41      AC:  6    Str: 11    XL:     5   Next: 32%
Magic:  0/5        EV: 10    Int:  9    God:
Gold:   126        SH:  0    Dex: 19    Spells: 4/4 levels left

rFire   + . .      SeeInvis .   a - +0 falchion
rCold   + . .      Faith    .   (no shield)
rNeg    . . .      Spirit   +   e - +0 scale mail
rPois   +          Reflect  .   (no helmet)
rElec   +          Harm     .   (no cloak)
rCorr   +          Rampage  .   (no gloves)
Will    .....                   (no boots)
Stlth   +.........              g - amulet of guardian spirit
HPRegen 0.13/turn               (no ring)
MPRegen 0.09/turn               (no ring)

@: lethally poisoned (-2 -> -16), resistant, attractive
A: (nimble swimmer 2), mertail
a: no special abilities


You were on level 3 of the Dungeon.
You visited 1 branch of the dungeon, and saw 4 of its levels.

You collected 126 gold pieces.

Inventory:

Hand Weapons
 a - a +0 falchion (weapon)
Missiles
 p - 2 javelins (quivered)
Armour
 e - a +0 scale mail (worn)
Jewellery
 g - an amulet of guardian spirit (around neck)
Scrolls
 d - a scroll of silence {unknown}
 h - a scroll of noise {unknown}
 i - a scroll of vulnerability {unknown}
 k - 2 scrolls of fog {unknown}
 l - a scroll of summoning {unknown}
 n - a scroll of enchant armour {unknown}
 o - a scroll of teleportation {unknown}
 q - a scroll of blinking {unknown}
 r - 2 scrolls of identify {unknown}
 s - a scroll of immolation {unknown}


   Skills:
 * Level 3.4 Fighting
 - Level 7.0 Long Blades
 + Level 4.0 Dodging
 - Level 2.1 Stealth


You had 4 spell levels left.
You didn't know any spells.
Your spell library contained the following spells:

 Spells                   Type           Power      Damage    Failure   Level
 Dispersal                Tloc           0%         N/A       100%        6
 Disjunction              Tloc           0%         N/A       100%        8


Dungeon Overview and Level Annotations

Branches:
Dungeon (4/15)
 Temple: D:4-7

Altars:
Ru

Annotations:
D:3 Sigmund


Innate Abilities, Weirdness & Mutations

((You are very nimble when in or above water. (Stealth+, EV+, Speed+++)))
Your lower body shifts to a powerful aquatic tail in water.


Message History

You feel very sick. Something hits you.
You are more poisoned.
You are confused.
You feel invigorated.
You feel very sick.
It was a potion of curing.
You feel better.
You feel less invigorated. Something hits you but does no damage.
You are poisoned.
You hit something but do no damage.
You feel sick. Something hits you but does no damage.
You are more poisoned.
You feel better. Something hits you!
You are poisoned.
You feel very sick.
It was a potion of resistance.
You feel protected.
You feel sick. Something hits you but does no damage.
It was a potion of attraction.
You feel attractive to monsters.
You feel sick. Something is attracted toward you.
You aren't carrying any potions.
You aren't carrying any items that you can evoke.
Okay, then.
You miss something.
You feel sick. Something hits you!
You are more poisoned.
You miss something.
You feel very sick. Something hits you!
* * * LOW HITPOINT WARNING * * *
You are more poisoned.
You miss something.
* * * LOW HITPOINT WARNING * * *
You feel very sick.
You miss something.
* * * LOW HITPOINT WARNING * * *
You feel very sick. Something hits you.
You die...

##'## #..(....# #.#
#.# ##.....## ##.###
#.# ##...## #...##
##.## #..## ###.).##
##...## #.# #.......
#####†....# #.#
#...>(.. #....#...##
#.# #......<
##.#.###.#########§#
###...## ....##
##.......@{.# #...##
##.#.###.###########
###### #.##.#..#
#.###.#.# #.......#
#######.# #.# #.#
#.#


There were no monsters in sight!

Vanquished Creatures
  Terence (D:2)
  Jessica (D:3)
  5 adders
  3 dart slugs
  6 bats
  4 endoplasms
  3 giant cockroaches
  2 goblins (D:1)
  5 hobgoblins
  5 quokkas
  3 ball pythons
  A frilled lizard (D:1)
  5 kobolds
  4 rats
48 creatures vanquished.

Notes
Turn   | Place    | Note
-------+----------+-------------------------------------------
     0 | D:1      | funnyparkerb the Merfolk Monk began the quest for the Orb.
     0 | D:1      | Reached XP level 1. HP: 18/18 MP: 1/1
   114 | D:1      | Reached skill level 4 in Long Blades
   203 | D:1      | Found a faded altar of an unknown god.
   264 | D:1      | Reached XP level 2. HP: 18/24 MP: 2/2
   579 | D:1      | You fall into a shaft and drop 1 floor!
   722 | D:2      | Reached XP level 3. HP: 29/29 MP: 3/3
   728 | D:2      | Noticed Terence
   735 | D:2      | Killed Terence
   736 | D:2      | Reached skill level 5 in Long Blades
   819 | D:2      | Reached XP level 4. HP: 35/35 MP: 4/4
   858 | D:2      | Reached skill level 6 in Long Blades
  1787 | D:3      | Reached XP level 5. HP: 36/41 MP: 5/5
  1977 | D:3      | Noticed an ice beast
  1978 | D:3      | Found a sacrificial altar of Ru.
  1985 | D:3      | Noticed Jessica
  1989 | D:3      | Killed Jessica
  1990 | D:3      | Reached skill level 7 in Long Blades
  2040 | D:3      | Noticed Sigmund
  2058 | D:3      | HP: 1/41 [poisoned by Sigmund]
  2058 | D:3      | Slain by Sigmund

Illustrated notes

Levels and vault maps discovered:
D:1:      minmay_arrival_four_circles, layout_loops_corners,
          basic_ecumenical_altar
D:2:      layout_basic, uniq_terence
D:3:      layout_loops_corners, mainiacjoe_overflow_concentric_impassable,
          uniq_natasha, uniq_jessica, uniq_sigmund, uniq_crazy_yiuf_cottage
D:4:      layout_loops_corners, minmay_temple_entry_statues_fountains

Skill      XL: |  1  2  3  4  5 |
---------------+----------------+-----
Long Blades    | 4 5 6 7 |  7.0
Fighting       | |  3.4
Dodging        | |  4.0
Stealth        | |  2.1

Action                   |  1- 3 |  4- 6 || total
-------------------------+-------+-------++-------
Melee: Falchion          |    55 |   101 ||   156
       Punch             |       |     1 ||     1
Throw: Dart              |     1 |     7 ||     8
  Use: Potion            |       |     5 ||     5
 Stab: Distracted        |       |     1 ||     1
Armor: Robe              |     4 |       ||     4
       Scale mail        |    18 |    54 ||    72
Dodge: Dodged            |    26 |    53 ||    79
